TOP OF THE 1ST |
Irvine Gang Green batting - Pitching for Springfield Stars : RHP Dae-ho Kim
|
Pitching: RHP Dae-ho Kim
|
|
Batting: RHB José Salazar
|
0-0: Fly out, F9 (Flyball, 9LS)
|
Batting: LHB Jorge Martínez
|
0-0: Called Strike 0-1: Ball 1-1: Ball 2-1: Foul Ball, location: 2F 2-2: Ground out 3-1 (Groundball, 34S)
|
Batting: LHB Jesús Campos
|
0-0: Ball 1-0: Called Strike 1-1: Ball 2-1: Ball 3-1: Base on Balls
|
Batting: LHB Víctor Quiñones
|
0-0: Swinging Strike Jesús Campos steals 2nd base 0-1: Ball 1-1: Ball 2-1: Ball 3-1: Called Strike 3-2: Base on Balls
|
Batting: RHB Buck Jones
|
0-0: Ball 1-0: Ball 2-0: Fly out, F9 (Flyball, 9S)
|
Top of the 1st over - 0 run(s), 0 hit(s), 0 error(s), 2 left on base; Irvine 0 - Springfield 0 |
BOTTOM OF THE 1ST |
Springfield Stars batting - Pitching for Irvine Gang Green : RHP Takehide Ono
|
Pitching: RHP Takehide Ono
|
|
Batting: RHB Calvin Bennett
|
0-0: Ball 1-0: SINGLE (Groundball, 4MD)
|
Batting: LHB Jesús Tobías
|
0-0: Called Strike 0-1: Called Strike 0-2: Foul Ball, location: 2F 0-2: Fly out, F9 (Flyball, 9S)
|
Batting: RHB Norberto Taváres
|
0-0: Foul Ball, location: 2F 0-1: Ball 1-1: Ball 2-1: Foul Ball, location: 2F 2-2: Ball 3-2: Grounds into double play, 5-4-3 (Groundball, 56)
|
Bottom of the 1st over - 0 run(s), 1 hit(s), 0 error(s), 0 left on base; Irvine 0 - Springfield 0 |
TOP OF THE 2ND |
Irvine Gang Green batting - Pitching for Springfield Stars : RHP Dae-ho Kim
|
Batting: LHB Bill Murphy
|
0-0: Ball 1-0: Foul Ball, location: 2F 1-1: Bunt for hit - play at first, batter OUT! 1-3
|
Batting: RHB Eichiro Yamamoto
|
0-0: Hit by Pitch
|
Batting: RHB Tom Doherty
|
0-0: Called Strike 0-1: Ball 1-1: Swinging Strike 1-2: Fly out, F5 (Popup, 56)
|
Batting: RHB Ronnie Brown
|
0-0: Ball Eichiro Yamamoto steals 2nd base 1-0: Fly out, F7 (Line Drive, 78S)
|
Top of the 2nd over - 0 run(s), 0 hit(s), 0 error(s), 1 left on base; Irvine 0 - Springfield 0 |
BOTTOM OF THE 2ND |
Springfield Stars batting - Pitching for Irvine Gang Green : RHP Takehide Ono
|
Batting: LHB Felipe Guerrero
|
0-0: Swinging Strike 0-1: Ball 1-1: Ball 2-1: Swinging Strike 2-2: Ball 3-2: Base on Balls
|
Batting: LHB Elliott Newell
|
0-0: Called Strike Felipe Guerrero is caught stealing 2nd base 0-1: DOUBLE (Line Drive, 89D)
|
Batting: SHB Shane Hutchinson
|
0-0: Called Strike 0-1: Ball 1-1: 2-RUN HOME RUN (Flyball, 9D), Distance : 395 ft
|
Batting: RHB Cho-yun Qiao
|
0-0: Called Strike 0-1: Called Strike 0-2: Foul Ball, location: 2F 0-2: Fly out, F8 (Flyball, 78S)
|
Batting: LHB Ryan Drake
|
0-0: Called Strike 0-1: Foul Ball, location: 2F 0-2: Ground out 1-3 (Groundball, P)
|
Bottom of the 2nd over - 2 run(s), 2 hit(s), 0 error(s), 0 left on base; Irvine 0 - Springfield 2 |
TOP OF THE 3RD |
Irvine Gang Green batting - Pitching for Springfield Stars : RHP Dae-ho Kim
|
Batting: RHB José Salazar
|
0-0: Foul Ball, location: 2F 0-1: Fly out, F5 (Line Drive, 5L)
|
Batting: LHB Jorge Martínez
|
0-0: Called Strike 0-1: Ball 1-1: Foul Ball, location: 2F 1-2: Ball 2-2: SINGLE (Groundball, 34D)
|
Batting: LHB Jesús Campos
|
0-0: Ball 1-0: Foul Ball, location: 2F 1-1: Foul Ball, location: 2F 1-2: Ball 2-2: Foul Ball, location: 2F 2-2: Foul Ball, location: 2F 2-2: Foul Ball, location: 2F 2-2: Ball 3-2: Foul Ball, location: 2F 3-2: Fly out, F9 (Flyball, 9LS)
|
Batting: LHB Víctor Quiñones
|
0-0: Foul Ball, location: 2F 0-1: Ball 1-1: Foul Ball, location: 2F 1-2: Foul Ball, location: 2F 1-2: 2-RUN HOME RUN (Flyball, 9D), Distance : 392 ft
|
Batting: RHB Buck Jones
|
0-0: Swinging Strike 0-1: Foul Ball, location: 2F 0-2: Strikes out swinging
|
Top of the 3rd over - 2 run(s), 2 hit(s), 0 error(s), 0 left on base; Irvine 2 - Springfield 2 |
BOTTOM OF THE 3RD |
Springfield Stars batting - Pitching for Irvine Gang Green : RHP Takehide Ono
|
Batting: RHB Félix Gonzáles
|
0-0: Swinging Strike 0-1: Ball 1-1: Called Strike 1-2: Strikes out looking
|
Batting: RHB Calvin Bennett
|
0-0: Called Strike 0-1: Ball 1-1: Swinging Strike 1-2: Strikes out swinging
|
Batting: LHB Jesús Tobías
|
0-0: Called Strike 0-1: SINGLE (Line Drive, 89S)
|
Batting: RHB Norberto Taváres
|
0-0: Called Strike 0-1: Swinging Strike 0-2: Foul Ball, location: 2F 0-2: Ball 1-2: Ball 2-2: Ball 3-2: Base on Balls Jesús Tobías to second
|
Batting: LHB Felipe Guerrero
|
0-0: 3-RUN HOME RUN (Flyball, 89XD), Distance : 430 ft
|
|
|
Batting: LHB Elliott Newell
|
0-0: Ground out 4-3 (Groundball, 34D)
|
Bottom of the 3rd over - 3 run(s), 2 hit(s), 0 error(s), 0 left on base; Irvine 2 - Springfield 5 |
TOP OF THE 4TH |
Irvine Gang Green batting - Pitching for Springfield Stars : RHP Dae-ho Kim
|
Batting: LHB Bill Murphy
|
0-0: Ball 1-0: Reached on error, E3 (Groundball, 34)
|
Batting: RHB Eichiro Yamamoto
|
0-0: Ball 1-0: Fly out, F9 (Flyball, 9)
|
Batting: RHB Tom Doherty
|
0-0: Swinging Strike 0-1: Ball 1-1: Ball 2-1: Swinging Strike 2-2: Strikes out swinging
|
Batting: RHB Ronnie Brown
|
0-0: Ball 1-0: Called Strike 1-1: Ball 2-1: Ball 3-1: Foul Ball, location: 2F 3-2: Ground out 4-3 (Groundball, 4)
|
Top of the 4th over - 0 run(s), 0 hit(s), 1 error(s), 1 left on base; Irvine 2 - Springfield 5 |
BOTTOM OF THE 4TH |
Springfield Stars batting - Pitching for Irvine Gang Green : RHP Takehide Ono
|
Batting: SHB Shane Hutchinson
|
0-0: Foul Ball, location: 2F 0-1: Ball 1-1: Swinging Strike 1-2: Ball 2-2: Strikes out looking
|
Pitching: LHP Yu-shu Kong
|
|
Batting: RHB Cho-yun Qiao
|
0-0: Called Strike 0-1: SINGLE (Groundball, 6MD)
|
Batting: LHB Ryan Drake
|
0-0: Ball 1-0: Ball 2-0: Called Strike 2-1: Fly out, F5 (Popup, 5)
|
Batting: RHB Félix Gonzáles
|
0-0: Called Strike 0-1: Ball 1-1: Ball 2-1: Fielders Choice at 2nd, 4-6 (Groundball, 4)
|
Bottom of the 4th over - 0 run(s), 1 hit(s), 0 error(s), 0 left on base; Irvine 2 - Springfield 5 |
TOP OF THE 5TH |
Irvine Gang Green batting - Pitching for Springfield Stars : RHP Dae-ho Kim
|
Batting: RHB José Salazar
|
0-0: Ball 1-0: Called Strike 1-1: Foul Ball, location: 2F 1-2: SINGLE (Line Drive, 56)
|
Batting: LHB Jorge Martínez
|
0-0: Ball 1-0: Called Strike 1-1: SINGLE (Groundball, 6MD) José Salazar to second
|
Batting: LHB Jesús Campos
|
0-0: Ball 1-0: Ball 2-0: Swinging Strike 2-1: Foul Ball, location: 2F 2-2: Ball 3-2: Base on Balls José Salazar to third Jorge Martínez to second
|
Pitching: LHP Jorge Aybar
|
|
Batting: LHB Víctor Quiñones
|
0-0: Ball 1-0: Called Strike 1-1: Foul Ball, location: 2F 1-2: Foul Ball, location: 2F 1-2: Strikes out swinging
|
Batting: RHB Buck Jones
|
0-0: Called Strike 0-1: Ball 1-1: Ball 2-1: Foul Ball, location: 2F 2-2: Foul Ball, location: 2F 2-2: Ball Wild Pitch! José Salazar scores Jorge Martínez to third Jesús Campos to second 3-2: SINGLE (Groundball, 4) (infield hit) Jorge Martínez scores Jesús Campos to third
|
Batting: LHB Bill Murphy
|
0-0: Ball 1-0: Fly out, F8 (Flyball, 78XD) Runner from 3rd tags up, SCORES, no throw
|
Batting: RHB Eichiro Yamamoto
|
0-0: Swinging Strike 0-1: SINGLE (Groundball, 6MD) Buck Jones to second
|
Batting: RHB Tom Doherty
|
0-0: Ball 1-0: Foul Ball, location: 2F 1-1: Ball 2-1: Fly out, F7 (Flyball, 7D)
|
Top of the 5th over - 3 run(s), 4 hit(s), 0 error(s), 2 left on base; Irvine 5 - Springfield 5 |
BOTTOM OF THE 5TH |
Springfield Stars batting - Pitching for Irvine Gang Green : LHP Yu-shu Kong
|
Batting: RHB Calvin Bennett
|
0-0: Foul Ball, location: 2F 0-1: Ground out 5-3 (Groundball, 56S)
|
Batting: LHB Jesús Tobías
|
0-0: Ball 1-0: Ball 2-0: Ground out U3 (Groundball, 3)
|
Batting: RHB Norberto Taváres
|
0-0: Ball 1-0: Foul Ball, location: 2F 1-1: Ball 2-1: SINGLE (Line Drive, 4)
|
Batting: LHB Felipe Guerrero
|
0-0: Ball Norberto Taváres steals 2nd base 1-0: Intentional Walk
|
Batting: LHB Elliott Newell
|
0-0: Called Strike 0-1: Fielders Choice at 2nd, 4-6 (Groundball, 4)
|
Bottom of the 5th over - 0 run(s), 1 hit(s), 0 error(s), 1 left on base; Irvine 5 - Springfield 5 |
TOP OF THE 6TH |
Irvine Gang Green batting - Pitching for Springfield Stars : LHP Jorge Aybar
|
Batting: RHB Ronnie Brown
|
0-0: Ball 1-0: Fly out, F8 (Line Drive, 8RM)
|
Batting: RHB José Salazar
|
0-0: Swinging Strike 0-1: Ball 1-1: Ball 2-1: Foul Ball, location: 2F 2-2: Strikes out swinging
|
Batting: LHB Jorge Martínez
|
0-0: Foul Ball, location: 2F 0-1: SOLO HOME RUN (Flyball, 9D), Distance : 414 ft
|
Batting: LHB Jesús Campos
|
0-0: SINGLE (Groundball, 34) (infield hit)
|
Batting: LHB Víctor Quiñones
|
0-0: Ball 1-0: Called Strike Pickoff Throw to First - Out!
|
Top of the 6th over - 1 run(s), 2 hit(s), 0 error(s), 0 left on base; Irvine 6 - Springfield 5 |
BOTTOM OF THE 6TH |
Springfield Stars batting - Pitching for Irvine Gang Green : LHP Yu-shu Kong
|
Batting: SHB Shane Hutchinson
|
0-0: Ball 1-0: Fly out, F7 (Flyball, 7D)
|
Batting: RHB Cho-yun Qiao
|
0-0: Fly out, F7 (Line Drive, 7)
|
Batting: LHB Ryan Drake
|
0-0: Ball 1-0: SINGLE (Groundball, 4MD)
|
Batting: RHB Félix Gonzáles
|
0-0: Ground out 1-3 (Groundball, 15S)
|
Bottom of the 6th over - 0 run(s), 1 hit(s), 0 error(s), 1 left on base; Irvine 6 - Springfield 5 |
TOP OF THE 7TH |
Irvine Gang Green batting - Pitching for Springfield Stars : LHP Jorge Aybar
|
Batting: LHB Víctor Quiñones
|
0-0: Foul Ball, location: 2F 0-1: Foul Ball, location: 2F 0-2: Ball 1-2: Strikes out swinging
|
Batting: RHB Buck Jones
|
0-0: Ball 1-0: Called Strike 1-1: Ball 2-1: Ball 3-1: Foul Ball, location: 2F 3-2: Foul Ball, location: 2F 3-2: Foul Ball, location: 2F 3-2: Base on Balls
|
Batting: LHB Bill Murphy
|
0-0: Called Strike 0-1: Ball 1-1: Swinging Strike 1-2: Fly out, F8 (Flyball, 8LD)
|
Batting: RHB Eichiro Yamamoto
|
0-0: Foul Ball, location: 2F 0-1: Ball 1-1: Foul Ball, location: 2F 1-2: Ball 2-2: Foul Ball, location: 2F 2-2: Foul Ball, location: 2F 2-2: Fly out, F3 (Line Drive, 3S)
|
Top of the 7th over - 0 run(s), 0 hit(s), 0 error(s), 1 left on base; Irvine 6 - Springfield 5 |
BOTTOM OF THE 7TH |
Springfield Stars batting - Pitching for Irvine Gang Green : LHP Yu-shu Kong
|
Batting: RHB Calvin Bennett
|
0-0: Swinging Strike 0-1: Called Strike 0-2: Strikes out looking
|
Batting: LHB Jesús Tobías
|
0-0: Ball 1-0: Foul Ball, location: 2F 1-1: Ground out 4-3 (Groundball, 4)
|
Batting: RHB Norberto Taváres
|
0-0: Ground out 4-3 (Groundball, 4)
|
Bottom of the 7th over - 0 run(s), 0 hit(s), 0 error(s), 0 left on base; Irvine 6 - Springfield 5 |
TOP OF THE 8TH |
Irvine Gang Green batting - Pitching for Springfield Stars : LHP Jorge Aybar
|
Batting: RHB Tom Doherty
|
0-0: Fly out, F8 (Flyball, 8LM)
|
Pitching: RHP Jorge Delgado
|
|
Batting: RHB Ronnie Brown
|
0-0: Fly out, F8 (Flyball, 8RS)
|
Batting: RHB José Salazar
|
0-0: Ball 1-0: Fly out, F8 (Flyball, 89S)
|
Top of the 8th over - 0 run(s), 0 hit(s), 0 error(s), 0 left on base; Irvine 6 - Springfield 5 |
BOTTOM OF THE 8TH |
Springfield Stars batting - Pitching for Irvine Gang Green : LHP Yu-shu Kong
|
Pitching: LHP Santiago González
|
|
Now at 2B: Aaron Wilson
|
|
Now in LF: Tyler Wagner
|
|
Batting: LHB Felipe Guerrero
|
0-0: Ball 1-0: Foul Ball, location: 2F 1-1: Swinging Strike 1-2: Strikes out swinging
|
Batting: LHB Elliott Newell
|
0-0: Ball 1-0: Ball 2-0: Ball 3-0: Base on Balls
|
Batting: SHB Shane Hutchinson
|
0-0: Foul Ball, location: 2F 0-1: Ball 1-1: Ball 2-1: Grounds into double play, 6-4-3 (Groundball, 6)
|
Bottom of the 8th over - 0 run(s), 0 hit(s), 0 error(s), 0 left on base; Irvine 6 - Springfield 5 |
TOP OF THE 9TH |
Irvine Gang Green batting - Pitching for Springfield Stars : RHP Jorge Delgado
|
Pitching: RHP José Valdéz
|
|
Batting: RHB Aaron Wilson
|
0-0: Foul Ball, location: 2F 0-1: Foul Ball, location: 2F 0-2: Foul Ball, location: 2F 0-2: Ball 1-2: Strikes out looking and he ARGUES THE CALL AND IS TOSSED!
|
Pitching: LHP Shan Liu
|
|
Batting: LHB Jesús Campos
|
0-0: Ball 1-0: Foul Ball, location: 2F 1-1: Called Strike 1-2: Ground out 3-1 (Groundball, 34)
|
Pitching: RHP Luis Cortéz
|
|
Batting: LHB Víctor Quiñones
|
0-0: Foul Ball, location: 2F 0-1: Foul Ball, location: 2F 0-2: Strikes out looking
|
Top of the 9th over - 0 run(s), 0 hit(s), 0 error(s), 0 left on base; Irvine 6 - Springfield 5 |
BOTTOM OF THE 9TH |
Springfield Stars batting - Pitching for Irvine Gang Green : LHP Santiago González
|
Pitching: RHP Mike Fisher
|
|
Now at 2B: José Sánchez
|
|
Pinch Hitting: RHB Juan Rodríguez
|
0-0: Called Strike 0-1: Foul Ball, location: 2F 0-2: Strikes out swinging
|
Batting: LHB Ryan Drake
|
0-0: Called Strike 0-1: Fly out, F7 (Flyball, 7LSF)
|
Batting: RHB Félix Gonzáles
|
0-0: Ball 1-0: Swinging Strike 1-1: Called Strike 1-2: Ball 2-2: Ball 3-2: Ground out 6-3 (Groundball, 6)
|
Bottom of the 9th over - 0 run(s), 0 hit(s), 0 error(s), 0 left on base; Irvine 6 - Springfield 5 |
|
Thursday, March 30th, 2017 - OOTP Baseball 17.12 Build 75
|
|